 Dungeon Crawl Stone Soup version 0.31.0-12-g77e489cdc1 (webtiles) character file.

Game seed: 5888669942525133506

3257 KingLorax the Basher (level 10, 0/56 HPs)
             Began as a Vine Stalker Fighter on Mar 3, 2024.
             Was an Initiate of Makhleb.
             Slain by a boulder beetle (11 damage)
             ... on level 6 of the Dungeon.
             The game lasted 00:11:14 (5642 turns).

KingLorax the Basher (Vine Stalker Fighter)         Turns: 5642, Time: 00:11:15

Health: 0/56       AC: 11    Str: 23    XL:     10   Next: 0%
Magic:  0/13       EV:  8    Int:  8    God:    Makhleb [......]
Gold:   463        SH:  5    Dex: 14    Spells: 9/9 levels left

rFire   . . .        u - +2 whip (flame)
rCold   . . .        c - +0 buckler
rNeg    . . .        s - +0 chain mail
rPois   +            n - +0 helmet
rElec   .            (no cloak)
rCorr   .            (no gloves)
SInv    .            (no boots)
Will    +....        (no amulet) Stlth
                     P - ring of poison resistance
HPRegen 1.09/turn    (no ring)
MPRegen 0.13/turn

%: guardian spirit
@: no status effects
A: fangs 3, regeneration 1, magic shield, antimagic bite, no potion heal 2
a: Renounce Religion


You were on level 6 of the Dungeon.
You worshipped Makhleb.
Makhleb was noncommittal.
You visited 2 branches of the dungeon, and saw 8 of its levels.
You also visited: Ossuary.

You collected 463 gold pieces.


Innate Abilities, Weirdness & Mutations

You have razor-sharp teeth.
Your natural rate of healing is unusually fast.
When hurt, damage is shared between your health and your magic reserves.
Your bite disrupts and absorbs the magic of your enemies.
Potions cannot restore your health.


   Skills:
 + Level 7.6 Fighting
 - Level 8.0 Maces & Flails
 - Level 5.0 Armour
 - Level 4.0 Shields
 + Level 3.1 Invocations
 + Level 2.0 Evocations


You had 9 spell levels left.
You didn't know any spells.
Your spell library contained the following spells:

 Spells                   Type           Power      Damage    Failure   Level
 Slow                     Hex            0%         N/A       96%         1
 Static Discharge         Conj/Air       0%         3-3/arc   99%         2
 Confusing Touch          Hex            0%         N/A       100%        3
 Ozocubu's Armour         Ice            0%         N/A       100%        3
 Sigil of Binding         Hex            0%         N/A       100%        3
 Vampiric Draining        Necr           0%         2d6       100%        3
 Volatile Blastmotes      Fire/Tloc      0%         2d10      100%        3
 Airstrike                Air            0%         2d(0-16)  100%        4
 Fulminant Prism          Conj/Alch      0%         3d5       100%        4
 Iskenderun's Mystic Bla  Conj/Tloc      0%         2d3       100%        4
 Summon Lightning Spire   Summ/Air       0%         N/A       100%        4
 Metabolic Englaciation   Hex/Ice        0%         N/A       100%        5
 Sculpt Simulacrum        Ice/Alch       0%         N/A       100%        6

Inventory:

Hand Weapons
 b - a +3 sling
 u - a +2 whip of flaming (weapon)
 x - a +2 antimagic whip
Missiles
 g - 27 poisoned darts (quivered)
 m - 8 javelins
 r - 2 throwing nets {=f}
Armour
 c - a +0 buckler (worn)
 n - a +0 helmet (worn)
 s - a +0 chain mail (worn)
Jewellery
 P - a ring of poison resistance (left hand)
Wands
 d - a wand of flame (5)
 D - a wand of paralysis (9)
 F - a wand of polymorph (11)
Scrolls
 a - 2 scrolls of immolation {unknown}
 e - 2 scrolls of vulnerability
 i - a scroll of fog
 k - a scroll of amnesia
 l - 2 scrolls of torment {unknown}
 o - 4 scrolls of teleportation {unknown}
 w - a scroll of blinking
 y - a scroll of noise
 A - a scroll of enchant armour
 I - a scroll of poison {unknown}
Potions
 f - a potion of ambrosia {unknown}
 h - 2 potions of enlightenment
 j - 5 potions of curing {@q1}
 p - a potion of degeneration
 q - 3 potions of brilliance
 t - 2 potions of heal wounds {@q2}
 v - a potion of might
 z - a potion of haste {@q3}
 B - 2 potions of cancellation
 C - 2 potions of lignification
 E - a potion of mutation
 H - a potion of magic {unknown}

Dungeon Overview and Level Annotations

Branches:
Dungeon (7/15)             Temple (1/1) D:6         Ossuary (visited)

Altars:
Ashenzari
Cheibriados
Dithmenos
Gozag
Hepliaklqana
Kikubaaqudgha
Makhleb
Nemelex Xobeh
Okawaru
Qazlal
Ru
Sif Muna
Trog
Uskayaw
Wu Jian
Yredelemnul
Zin

Annotations:
D:5 1 runed translucent door, Crazy Yiuf

.░ ░..'.##
#.#####⌠.⌠#####......
.░░░░..▓## ##.#
####### ##.....
.......▓ #))# ###.###
#...... .......▓ #.)#
#.# ##..... ▓▓''▓▓▓▓
#..######.#####
###### ....#
#...).........# #####
###.##.#....#.#
#.[##h.....###
###.@##....#
###B.##....#
#..##......#
##.##.##.###
####....# ######


You could see a boulder beetle and a black bear (berserk).


Message History

The black bear barely misses you.
The black bear claws you but does no damage.
You climb upwards.
There is a stone staircase leading down here.
You whack the black bear! You burn the black bear.
You bite the black bear, but do no damage.
The black bear is heavily wounded.
Unknown command.
You barely miss the black bear. You bite the black bear! You drain its power.
You feel invigorated.
The black bear is almost dead.
The boulder beetle bites you!
* * * LOW HITPOINT WARNING * * *
The black bear goes berserk!
Unknown command.
You closely miss the black bear. Your bite misses the black bear.
The black bear is almost dead.
You block the black bear's attack. The black bear claws you.
* * * LOW HITPOINT WARNING * * *
The black bear claws you but does no damage.
You block the boulder beetle's attack.
Unknown command.
You hit the black bear. You burn the black bear.
Your bite misses the black bear.
The black bear is almost dead.
The black bear bites you.
* * * LOW HITPOINT WARNING * * *
The black bear claws you but does no damage.
The black bear barely misses you. The boulder beetle bites you!
You die...

Skill      XL: |  1  2  3  4  5  6  7  8  9 |
---------------+----------------------------+-----
Maces & Flails | 2 3 4 5 6 8 |  8.0
Fighting       | 3 4 5 6 7 |  7.6
Shields        | 3 4 |  4.0
Armour         | 3 4 5 |  5.0
Invocations    | 3 |  3.1
Evocations     | 2 |  2.0

Action                     |  1- 3 |  4- 6 |  7- 9 | 10-12 || total
---------------------------+-------+-------+-------+-------++-------
  Melee: Flail             |    84 |   111 |    49 |       ||   244
         Bite              |    19 |    37 |   135 |     7 ||   198
         Whip              |       |       |   327 |    12 ||   339
  Throw: Dart              |       |     5 |     5 |       ||    10
    Use: Potion            |       |     1 |       |       ||     1
         Scroll            |       |       |    14 |     1 ||    15
 Armour: Scale mail        |    49 |    81 |    13 |       ||   143
         Chain mail        |       |       |   193 |    14 ||   207
  Dodge: Dodged            |    41 |    48 |   102 |     3 ||   194
  Block: Buckler           |    18 |    38 |    67 |     4 ||   127

Levels and vault maps discovered:
D:1:      amcnicky_arrival_single_pillar, layout_basic,
          hellmonk_ecumenical_altar_inner_sanctum, st_stairs_14, minmay_cupped
D:2:      layout_basic, basic_altar, st_stairs_10, hex_medium,
          palyth_stone_intersect, uniq_robin, uniq_sigmund
D:3:      layout_basic, uniq_natasha
D:4:      layout_gridville, mainiacjoe_overflow_small_starburst,
          minmay_crystal_room
D:5:      layout_rooms, minmay_misc_feat_five,
          serial_library_regret_index_double_sided, uniq_crazy_yiuf_cottage
D:6:      layout_rooms, mainiacjoe_overflow_big_doors, temple_doors_e,
          mainiacjoe_ossuary_entry_find_the_door, st_stairs_7,
          corexii_leaking_fountain, kennysheep_generic_room_6, uniq_edmund
D:7:      layout_rooms, xom_teletrap_fun, kennysheep_nub
Temple:   minmay_temple_curvy_branch

Notes
Turn   | Place    | Note
-------+----------+-------------------------------------------
     0 | D:1      | KingLorax the Vine Stalker Fighter began the quest for the
                  | Orb.
     0 | D:1      | Reached XP level 1. HP: 11/11 MP: 2/2
    66 | D:1      | Reached XP level 2. HP: 16/16 MP: 3/3
    69 | D:1      | Reached skill level 2 in Maces & Flails
   198 | D:1      | Reached skill level 3 in Fighting
   231 | D:1      | Reached skill level 3 in Shields
   238 | D:1      | Found a faded altar of an unknown god.
   286 | D:1      | Reached XP level 3. HP: 20/20 MP: 4/4
   844 | D:2      | Noticed Robin
   847 | D:2      | Killed Robin
   848 | D:2      | Reached XP level 4. HP: 19/24 MP: 3/5
   858 | D:2      | Reached skill level 3 in Armour
  1107 | D:2      | Found an ancient bone altar of Kikubaaqudgha.
  1462 | D:2      | Noticed Sigmund
  1467 | D:2      | Killed Sigmund
  1468 | D:2      | Reached skill level 3 in Maces & Flails
  1468 | D:2      | Reached skill level 4 in Shields
  1468 | D:2      | Reached XP level 5. HP: 25/29 MP: 3/6
  1468 | D:2      | Reached XP level 6. HP: 28/33 MP: 3/7
  1617 | D:3      | Noticed Natasha
  1640 | D:3      | Killed Natasha
  1706 | D:3      | Reached skill level 4 in Fighting
  1706 | D:3      | Reached skill level 4 in Maces & Flails
  1921 | D:3      | Noticed Natasha
  1931 | D:3      | Killed Natasha
  2044 | D:3      | Noticed Natasha
  2049 | D:3      | Killed Natasha
  2147 | D:3      | Reached XP level 7. HP: 37/37 MP: 8/8
  2464 | D:3      | Reached skill level 4 in Armour
  2557 | D:4      | Found a snail-covered altar of Cheibriados.
  2758 | D:3      | Reached skill level 5 in Maces & Flails
  3440 | D:5      | Entered Level 5 of the Dungeon
  3568 | D:5      | Reached skill level 5 in Fighting
  3568 | D:5      | Gained mutation: You have razor-sharp teeth. [Vine Stalker
                  | growth]
  3568 | D:5      | Reached XP level 8. HP: 43/43 MP: 9/9
  3580 | D:5      | Reached skill level 5 in Armour
  3746 | D:5      | Identified the +1 robe of the Kettle-Drum {rPois rN+ Int+2
                  | Dex+2}
  3959 | D:5      | Found a runed translucent door.
  3960 | D:5      | Noticed Crazy Yiuf
  4033 | D:6      | Reached skill level 6 in Fighting
  4088 | D:6      | Noticed Edmund
  4107 | D:6      | Killed Edmund
  4108 | D:6      | Reached skill level 6 in Maces & Flails
  4146 | D:6      | Found a sand-covered staircase.
  4153 | Ossuary  | Entered an ossuary
  4153 | Ossuary  | Found a huge runed translucent gate.
  4153 | Ossuary  | Found a huge runed translucent gate.
  4153 | Ossuary  | Found a huge runed translucent gate.
  4153 | Ossuary  | Found a huge runed translucent gate.
  4153 | Ossuary  | Found a huge runed translucent gate.
  4153 | Ossuary  | Found a huge runed translucent gate.
  4153 | Ossuary  | Found a huge runed translucent gate.
  4153 | Ossuary  | Found a huge runed translucent gate.
  4153 | Ossuary  | Found a huge runed translucent gate.
  4154 | Ossuary  | Found a huge runed translucent gate.
  4154 | Ossuary  | Found a huge runed translucent gate.
  4155 | Ossuary  | Found a huge runed translucent gate.
  4155 | Ossuary  | Found a huge runed translucent gate.
  4157 | Ossuary  | Found a huge runed translucent gate.
  4157 | Ossuary  | Found a huge runed translucent gate.
  4175 | Ossuary  | Reached XP level 9. HP: 48/48 MP: 10/10
  4177 | Ossuary  | Found a huge runed translucent gate.
  4177 | Ossuary  | Found a huge runed translucent gate.
  4177 | Ossuary  | Found a huge runed translucent gate.
  4177 | Ossuary  | Found a huge runed translucent gate.
  4177 | Ossuary  | Found a huge runed translucent gate.
  4178 | Ossuary  | Found a huge runed translucent gate.
  4178 | Ossuary  | Found a huge runed translucent gate.
  4180 | Ossuary  | Found a huge runed translucent gate.
  4180 | Ossuary  | Found a huge runed translucent gate.
  4181 | Ossuary  | Found a huge runed translucent gate.
  4181 | Ossuary  | Found a huge runed translucent gate.
  4182 | Ossuary  | Found a huge runed translucent gate.
  4182 | Ossuary  | Found a huge runed translucent gate.
  4185 | Ossuary  | Found a huge runed translucent gate.
  4200 | Ossuary  | Reached skill level 7 in Maces & Flails
  4221 | Ossuary  | Found a huge runed translucent gate.
  4221 | Ossuary  | Found a huge runed translucent gate.
  4221 | Ossuary  | Found a huge runed translucent gate.
  4221 | Ossuary  | Found a huge runed translucent gate.
  4221 | Ossuary  | Found a huge runed translucent gate.
  4221 | Ossuary  | Found a huge runed translucent gate.
  4425 | D:6      | Reached skill level 8 in Maces & Flails
  4648 | D:6      | Found a sparkling altar of Nemelex Xobeh.
  4661 | D:6      | Reached skill level 7 in Fighting
  4674 | D:6      | Found a stormy altar of Qazlal.
  4742 | D:6      | Found a staircase to the Ecumenical Temple.
  4747 | Temple   | Entered the Ecumenical Temple
  4770 | Temple   | Became a worshipper of Makhleb the Destroyer
  4837 | D:6      | Reached skill level 1 in Invocations
  5032 | D:6      | Reached skill level 2 in Invocations
  5060 | D:6      | Reached skill level 1 in Evocations
  5280 | D:7      | Noticed a boulder beetle
  5283 | D:7      | Reached skill level 3 in Invocations
  5283 | D:7      | Reached skill level 2 in Evocations
  5283 | D:7      | Reached XP level 10. HP: 53/56 MP: 11/13
  5642 | D:6      | Slain by a boulder beetle

Vanquished Creatures
  Sigmund (D:2)
  A yak (D:6)
  A steam dragon (D:7)
  Edmund (D:6)
  A water moccasin (D:7)
  An ice beast (D:5)
  A sky beast (D:6)
  2 black bears
  4 ogres
  A centaur (D:7)
  A phantom (D:6)
  2 kobold brigands (D:6)
  A weeping skull (Ossuary)
  3 scorpions
  A burial acolyte (Ossuary)
  5 wights (D:6)
  3 hounds
  2 orc priests
  2 bombardier beetles
  A gnoll bouda (D:3)
  3 human zombies (Ossuary)
  4 jellies
  A scorpion zombie (D:6)
  2 iguanas (D:6)
  Natasha (thrice) (D:3)
  2 orc wizards (D:4)
  2 mummies (Ossuary)
  Robin (D:2)
  15 gnolls
  9 adders
  A howler monkey skeleton (D:6)
  A shadow imp (D:6)
  A white imp (D:6)
  2 ufetubi (D:5)
  A dart slug (D:1)
  18 orcs
  13 ball pythons
  7 endoplasms
  4 giant cockroaches
  A gnoll zombie (Ossuary)
  13 goblins
  9 hobgoblins
  A quokka (D:3)
  5 bats (D:1)
  2 frilled lizards
  8 kobolds
  An orc zombie (Ossuary)
  8 rats
173 creatures vanquished.

Table legend: (Time is in decaauts)
 A = Elapsed time spent in this place.
 B = Non-inter-level travel time spent in this place.
 C = Inter-level travel time spent in this place.
 D = Time resting spent in this place.
 E = Time spent auto-exploring this place.
 F = Levels seen in this place.
 G = Mean time per level.
                   A        B        C        D        E       F      G
               +--------+--------+--------+--------+--------+-----+--------+
         Total |   5642 |   5397 |    245 |    901 |   3187 |   9 |  626.9 |
       Dungeon |   5411 |   5206 |    205 |    901 |   3092 |   7 |  773.0 |
        Temple |     45 |      6 |     39 |      0 |      0 |   1 |   45.0 |
       Ossuary |    185 |    185 |      0 |      0 |     95 |   1 |  185.0 |
               +--------+--------+--------+--------+--------+-----+--------+

Top non-repeatable levels by time:
     D:6: 1182 daAuts
     D:3: 1172 daAuts
     D:2: 1075 daAuts
     D:4: 648 daAuts
     D:1: 606 daAuts
     D:5: 579 daAuts
 Ossuary: 185 daAuts
     D:7: 145 daAuts
  Temple: 45 daAuts

Table legend:
 A = Non-vault XP
 B = Vault XP
 C = Vault XP percentage of total XP
 D = Non-vault monster count
 E = Vault monster count
 F = Vault count percentage of total count
                 A         B        C        D         E       F
            +---------+---------+-------+---------+---------+-------
      Total |    3439 |    1215 |  26.1 |     142 |      31 |  17.9
            +---------+---------+-------+---------+---------+-------
        D:1 |      36 |       7 |  16.3 |      22 |       4 |  15.4
        D:2 |      51 |     261 |  83.7 |      17 |      10 |  37.0
        D:3 |     345 |      36 |   9.4 |      32 |       1 |   3.0
        D:4 |     379 |       0 |   0.0 |      24 |       0 |   0.0
        D:5 |     620 |       0 |   0.0 |      13 |       0 |   0.0
        D:6 |    1554 |     576 |  27.0 |      27 |       7 |  20.6
        D:7 |     454 |       0 |   0.0 |       7 |       0 |   0.0
    Ossuary |       0 |     335 | 100.0 |       0 |       9 | 100.0
            +---------+---------+-------+---------+---------+-------
